 Dungeon Crawl Stone Soup version 0.27.1-3-gb3d3a73c9e (webtiles) character file.

Game seed: 12750127015046755744

1 Descartes the Magician (level 1, 0/12 HPs)
             Began as a Deep Elf Wanderer on Oct 8, 2021.
             Frozen to death by an endoplasm (4 damage)
             ... on level 1 of the Dungeon.
             The game lasted 00:00:32 (43 turns).

Descartes the Magician (Deep Elf Wanderer)            Turns: 43, Time: 00:00:33

Health: 0/12       AC:  2    Str:  8    XL:     1   Next: 16%
Magic:  7/7        EV: 12    Int: 14    God:
Gold:   14         SH:  0    Dex: 17    Spells: 7/8 levels left

rFire    . . .     SeeInvis .   a - +2 dagger
rCold    . . .     Faith    .   (no shield)
rNeg     . . .     Spirit   .   d - +0 robe
rPois    .         Reflect  .   (no helmet)
rElec    .         Harm     .   (no cloak)
rCorr    .         Rampage  .   (no gloves)
Will     .....                  (no boots)
Stlth    ++........             (no amulet)
HPRegen  0.04/turn              (no ring)
MPRegen  0.10/turn              (no ring)

@: no status effects
A: no striking features
a: no special abilities


You were on level 1 of the Dungeon.
You visited 1 branch of the dungeon, and saw 1 of its levels.

You collected 14 gold pieces.

Inventory:

Hand Weapons
 a - a +2 dagger (weapon)
Missiles
 b - 3 curare-tipped darts (quivered)
Armour
 d - a +0 robe (worn)
Potions
 c - a potion of lignification


   Skills:
 - Level 1.0 Fighting
 - Level 1.0 Throwing
 + Level 1.3 Dodging
 + Level 1.3 Stealth
 - Level 1.0 Shields
 - Level 4.4 Spellcasting
 - Level 1.1 Conjurations
 - Level 1.1 Summonings
 + Level 0.1 Necromancy


You had 7 spell levels left.
You knew the following spells:

 Your Spells              Type           Power      Damage    Failure   Level
a - Pain                  Necr           12%        1d4       17%         1

Your spell library contained the following spells:

 Spells                   Type           Power      Damage    Failure   Level
 Vampiric Draining        Necr           1%         2d6       45%         3


Dungeon Overview and Level Annotations

Branches:
Dungeon (1/15)

Altars:


Message History

You are too injured to fight recklessly!
You are too injured to fight recklessly!
You are too injured to fight recklessly!
You are too injured to fight recklessly!
You are too injured to fight recklessly!
You are too injured to fight recklessly!
You are too injured to fight recklessly!
You are too injured to fight recklessly!
You are too injured to fight recklessly!
Casting: Pain (safe; 19% risk of failure)
Confirm with . or Enter, or press ? or * to list all spells.
Aiming: Pain (safe; 19% risk of failure)
Press: ? - help, Shift-Dir - straight line, f - endoplasm
Aim: an endoplasm (chance to affect: 59%)
You miscast Pain.
You are very lightly contaminated with residual magic.
Nothing appears to happen.
The quokka closely misses you. The endoplasm freezes you.
You are frozen.
The quokka misses you.
Your magical contamination has completely faded away.
You hit the quokka but do no damage.
The quokka is almost dead.
The quokka barely misses you.
You hit the quokka but do no damage.
The quokka is almost dead.
The quokka barely misses you.
You closely miss the quokka.
The quokka is almost dead.
The quokka closely misses you.
You closely miss the quokka.
The quokka is almost dead.
The quokka closely misses you. x2
You hit the quokka.
You kill the quokka!
You hit the endoplasm.
The endoplasm is moderately wounded.
The endoplasm freezes you.
You are frozen.
You die...

# #P.....P# #
P##≈##P...P##≈##P..
.≈≈≈≈≈..<..≈≈≈≈≈..#
##≈##P...P##≈##P.##
.P#≈#P.....P#≈#P....
...................# .
####.........#.....### ..
####.........##...######...
#.......##.@J..........#
#.......##.##....$.....#
#.......##.##..........##
##.........###..........#
##...###..# #...........
##### ##.# #.........## ###
###########


You could see an endoplasm.

Vanquished Creatures
  A quokka (D:1)
1 creature vanquished.

Notes
Turn   | Place    | Note
-------+----------+-------------------------------------------
     0 | D:1      | Descartes the Deep Elf Wanderer began the quest for the
                  | Orb.
     0 | D:1      | Descartes set off with the following items: a +2 dagger, 3
                  | curare-tipped darts, a potion of lignification, a +0 robe;
                  | and the following spell memorised: Pain; and the following
                  | spells available to memorise: Vampiric Draining
     0 | D:1      | Reached XP level 1. HP: 12/12 MP: 7/7
    43 | D:1      | Frozen to death by an endoplasm

Illustrated notes

Levels and vault maps discovered:
D:1:      eino_arrival_water_cross, layout_rooms,
          chequers_ecumenical_altar_island

Action                   || total
-------------------------++-------
Melee: Dagger            ||    10
 Stab: Sleeping          ||     1
Armor: Robe              ||     1
Dodge: Dodged            ||     9
